[ AOE2 MATCH · #507273425 ]
UnrankedJurchens vs Wu
Player's team · WIN
Rival team · LOSS
[ REPLAY ANALYSIS · EXTRACTED FROM THE RECORDED GAME ]
Feudal
8:26
Castle
20:21
Imperial
—
| APM avg | 66.6 |
| APM peak | 110 |
| eAPM avg | 29.3 |
| Villagers / military | 69 / 57 |
Focus
⚔️ 41.6% · 🌾 58.4%
Cavalry Archer ×51 · Scout Cavalry ×5 · Monk ×1
Feudal
10:17
Castle
20:09
Imperial
—
| APM avg | 51.2 |
| APM peak | 91 |
| eAPM avg | 24.2 |
| Villagers / military | 61 / 44 |
Focus
⚔️ 47.4% · 🌾 52.6%
Archer ×20 · Skirmisher ×11 · Militia ×6 · Spearman ×4 · Mangonel ×3
Match map
Initial resources + every placement click. Lines = walls · curves = elevation contours. ◆ gold · ⬟ stone · ● berries · ✦ relic · ◌ wall gap
Your base· Open — 4t gap
_LY_lyx's base· Open — 4t gap
Smoothed initial terrain · ◌ = detected wall gap · hover for details
Inputs per minute
— Tacacá - - _LY_lyx
Build order — Tacacá
First 150 of 226 actions detected
| 0:01 | Queue | Villager (Male) |
| 0:01 | Queue | Villager (Male) |
| 0:01 | Queue | Villager (Male) |
| 0:01 | Queue | Villager (Male) |
| 0:02 | Queue | Villager (Male) |
| 0:02 | Build | House |
| 0:03 | Build | House |
| 1:33 | Queue | Villager (Male) |
| 1:34 | Queue | Villager (Male) |
| 1:34 | Queue | Villager (Male) |
| 2:21 | Queue | Villager (Male) |
| 2:21 | Queue | Villager (Male) |
| 2:28 | Build | Mill |
| 2:36 | Queue | Villager (Male) |
| 2:37 | Queue | Villager (Male) |
| 3:06 | Queue | Villager (Male) |
| 3:07 | Queue | Villager (Male) |
| 3:07 | Queue | Villager (Male) |
| 3:33 | Queue | Villager (Male) |
| 3:33 | Queue | Villager (Male) |
| 3:48 | Build | House |
| 3:54 | Queue | Villager (Male) |
| 3:55 | Queue | Villager (Male) |
| 4:18 | Queue | Villager (Male) |
| 4:19 | Queue | Villager (Male) |
| 4:19 | Queue | Villager (Male) |
| 5:02 | Queue | Villager (Male) |
| 5:02 | Queue | Villager (Male) |
| 5:02 | Queue | Villager (Male) |
| 5:05 | Research | Loom |
| 5:37 | Build | Lumber Camp |
| 6:13 | Research | Feudal Age |
| 6:13 | Research | Feudal Age |
| 6:57 | Build | House |
| 7:39 | Build | Barracks |
| 7:42 | Build | Palisade Wall |
| 8:08 | Queue | Villager (Male) |
| 8:08 | Queue | Villager (Male) |
| 8:26 | Age | Feudal Age |
| 8:48 | Build | Stable |
| 8:59 | Research | Double-Bit Axe |
| 8:59 | Research | Double-Bit Axe |
| 8:59 | Research | Double-Bit Axe |
| 9:02 | Queue | Villager (Male) |
| 9:10 | Build | Palisade Wall |
| 9:20 | Build | House |
| 9:29 | Queue | Scout Cavalry |
| 9:29 | Queue | Scout Cavalry |
| 9:38 | Queue | Villager (Male) |
| 9:51 | Build | House |
| 9:56 | Queue | Villager (Male) |
| 10:05 | Queue | Scout Cavalry |
| 10:17 | Build | Mill |
| 10:32 | Queue | Villager (Male) |
| 10:57 | Queue | Villager (Male) |
| 11:18 | Queue | Villager (Male) |
| 11:20 | Build | Farm |
| 11:21 | Build | Farm |
| 11:24 | Queue | Scout Cavalry |
| 11:25 | Build | Farm |
| 11:30 | Build | Palisade Wall |
| 11:37 | Build | House |
| 11:39 | Build | Farm |
| 11:46 | Queue | Villager (Male) |
| 11:52 | Build | Palisade Wall |
| 12:11 | Queue | Villager (Male) |
| 12:14 | Build | Farm |
| 12:27 | Build | Farm |
| 12:29 | Queue | Villager (Male) |
| 12:38 | Queue | Scout Cavalry |
| 12:41 | Build | Farm |
| 12:50 | Queue | Villager (Male) |
| 12:58 | Build | Farm |
| 13:08 | Queue | Villager (Male) |
| 13:16 | Build | Watch Tower |
| 13:29 | Build | House |
| 13:34 | Research | Horse Collar |
| 13:41 | Queue | Villager (Male) |
| 14:00 | Queue | Villager (Male) |
| 14:03 | Build | House |
| 14:13 | Build | House |
| 14:17 | Build | Mining Camp |
| 14:22 | Build | House |
| 14:23 | Build | Palisade Wall |
| 14:26 | Queue | Villager (Male) |
| 14:28 | Build | Farm |
| 14:46 | Build | House |
| 14:51 | Build | Palisade Gate |
| 15:08 | Queue | Villager (Male) |
| 15:09 | Queue | Villager (Male) |
| 15:09 | Queue | Villager (Male) |
| 15:22 | Build | Lumber Camp |
| 15:49 | Build | House |
| 15:50 | Build | House |
| 15:53 | Queue | Villager (Male) |
| 16:02 | Build | Farm |
| 16:14 | Build | Farm |
| 16:27 | Build | Farm |
| 16:27 | Queue | Villager (Male) |
| 16:48 | Build | Blacksmith |
| 16:58 | Build | House |
| 17:02 | Queue | Villager (Male) |
| 17:41 | Research | Castle Age |
| 17:42 | Research | Castle Age |
| 17:54 | Build | Archery Range |
| 18:00 | Research | Fletching |
| 18:00 | Research | Fletching |
| 18:01 | Research | Fletching |
| 18:10 | Build | Archery Range |
| 18:29 | Research | Gold Mining |
| 18:29 | Research | Gold Mining |
| 18:43 | Build | Farm |
| 18:45 | Build | Farm |
| 18:50 | Research | Bloodlines |
| 18:50 | Research | Bloodlines |
| 19:39 | Build | Archery Range |
| 19:42 | Research | Padded Archer Armor |
| 19:43 | Research | Padded Archer Armor |
| 19:58 | Build | Farm |
| 20:00 | Queue | Villager (Male) |
| 20:01 | Queue | Villager (Male) |
| 20:21 | Age | Castle Age |
| 20:29 | Queue | Cavalry Archer |
| 20:29 | Queue | Cavalry Archer |
| 20:29 | Queue | Cavalry Archer |
| 20:30 | Research | Bodkin Arrow |
| 20:30 | Research | Bodkin Arrow |
| 20:30 | Research | Bodkin Arrow |
| 20:33 | Queue | Cavalry Archer |
| 20:46 | Queue | Cavalry Archer |
| 20:46 | Queue | Cavalry Archer |
| 20:47 | Queue | Cavalry Archer |
| 20:49 | Queue | Villager (Male) |
| 21:09 | Build | Mining Camp |
| 21:16 | Queue | Villager (Male) |
| 21:19 | Queue | Cavalry Archer |
| 21:19 | Queue | Cavalry Archer |
| 21:35 | Research | Wheelbarrow |
| 21:40 | Build | University |
| 21:45 | Research | Bow Saw |
| 21:45 | Research | Bow Saw |
| 21:57 | Queue | Cavalry Archer |
| 21:57 | Queue | Cavalry Archer |
| 22:10 | Queue | Villager (Male) |
| 22:11 | Queue | Villager (Male) |
| 22:21 | Queue | Cavalry Archer |
| 22:21 | Queue | Cavalry Archer |
| 22:21 | Queue | Cavalry Archer |
| 22:51 | Build | Farm |
| 23:00 | Build | House |
Build order — _LY_lyx
First 150 of 194 actions detected
| 0:01 | Queue | Villager (Male) |
| 0:01 | Queue | Villager (Male) |
| 0:01 | Queue | Villager (Male) |
| 0:02 | Build | House |
| 0:03 | Build | House |
| 0:14 | Queue | Villager (Male) |
| 0:15 | Queue | Villager (Male) |
| 1:23 | Queue | Villager (Male) |
| 1:23 | Queue | Villager (Male) |
| 1:52 | Queue | Villager (Male) |
| 1:53 | Queue | Villager (Male) |
| 2:23 | Queue | Villager (Male) |
| 2:23 | Queue | Villager (Male) |
| 2:23 | Queue | Villager (Male) |
| 2:24 | Build | Lumber Camp |
| 3:05 | Queue | Villager (Male) |
| 3:33 | Queue | Villager (Male) |
| 3:33 | Queue | Villager (Male) |
| 3:51 | Queue | Villager (Male) |
| 3:51 | Queue | Villager (Male) |
| 3:52 | Build | House |
| 4:21 | Queue | Villager (Male) |
| 4:22 | Queue | Villager (Male) |
| 4:44 | Build | Barracks |
| 4:53 | Queue | Villager (Male) |
| 5:09 | Queue | Villager (Male) |
| 5:14 | Build | House |
| 5:37 | Queue | Militia |
| 5:37 | Queue | Militia |
| 5:37 | Queue | Militia |
| 5:41 | Queue | Villager (Male) |
| 6:00 | Build | Mill |
| 6:14 | Queue | Villager (Male) |
| 6:32 | Research | Loom |
| 6:37 | Queue | Villager (Male) |
| 6:38 | Research | Loom |
| 7:13 | Build | Mining Camp |
| 7:31 | Queue | Villager (Male) |
| 7:38 | Build | House |
| 8:07 | Research | Feudal Age |
| 8:31 | Build | Mill |
| 8:42 | Queue | Militia |
| 8:43 | Queue | Militia |
| 9:03 | Queue | Militia |
| 9:10 | Build | House |
| 9:12 | Build | Palisade Wall |
| 9:12 | Build | Palisade Wall |
| 9:13 | Build | Palisade Wall |
| 9:15 | Build | Palisade Wall |
| 9:16 | Build | Palisade Wall |
| 9:16 | Build | Palisade Wall |
| 9:17 | Build | Palisade Wall |
| 9:42 | Build | Palisade Wall |
| 10:08 | Queue | Villager (Male) |
| 10:17 | Age | Feudal Age |
| 10:19 | Build | Farm |
| 10:20 | Research | Man-at-Arms (upgrade) |
| 10:23 | Build | Farm |
| 10:35 | Queue | Villager (Male) |
| 10:37 | Build | Farm |
| 10:59 | Queue | Villager (Male) |
| 11:10 | Queue | Spearman |
| 11:12 | Build | Archery Range |
| 11:14 | Build | Farm |
| 11:15 | Queue | Villager (Male) |
| 11:32 | Build | Farm |
| 11:47 | Build | Farm |
| 11:53 | Queue | Villager (Male) |
| 12:10 | Queue | Spearman |
| 12:14 | Queue | Archer |
| 12:21 | Queue | Villager (Male) |
| 12:22 | Build | Farm |
| 12:27 | Build | House |
| 12:29 | Queue | Archer |
| 12:40 | Research | Double-Bit Axe |
| 12:43 | Queue | Villager (Male) |
| 13:02 | Build | Farm |
| 13:04 | Queue | Villager (Male) |
| 13:12 | Build | Palisade Wall |
| 13:14 | Build | Palisade Wall |
| 13:21 | Build | Farm |
| 13:21 | Queue | Villager (Male) |
| 13:31 | Build | Palisade Wall |
| 13:35 | Queue | Spearman |
| 13:38 | Build | Farm |
| 13:43 | Build | House |
| 13:58 | Queue | Villager (Male) |
| 14:03 | Build | Farm |
| 14:05 | Queue | Archer |
| 14:06 | Queue | Spearman |
| 14:23 | Build | House |
| 14:31 | Research | Wheelbarrow |
| 14:36 | Queue | Archer |
| 14:44 | Build | Farm |
| 15:10 | Build | Farm |
| 15:11 | Queue | Villager (Male) |
| 15:38 | Build | Blacksmith |
| 15:46 | Queue | Archer |
| 16:07 | Queue | Villager (Male) |
| 16:13 | Build | Palisade Wall |
| 16:17 | Build | Palisade Wall |
| 16:21 | Queue | Archer |
| 16:23 | Queue | Villager (Male) |
| 16:28 | Build | House |
| 17:00 | Queue | Villager (Male) |
| 17:12 | Build | Palisade Wall |
| 17:17 | Build | Palisade Gate |
| 17:29 | Research | Castle Age |
| 17:29 | Research | Castle Age |
| 17:41 | Build | Palisade Gate |
| 17:42 | Build | Palisade Gate |
| 17:55 | Build | Archery Range |
| 18:00 | Build | Lumber Camp |
| 18:11 | Queue | Archer |
| 18:34 | Research | Gold Mining |
| 18:55 | Queue | Archer |
| 18:57 | Research | Horse Collar |
| 18:57 | Research | Fletching |
| 19:05 | Build | House |
| 19:12 | Queue | Archer |
| 19:22 | Build | Farm |
| 19:27 | Build | Farm |
| 19:42 | Queue | Villager (Male) |
| 19:54 | Build | Stable |
| 20:09 | Age | Castle Age |
| 20:10 | Research | Crossbowman (upgrade) |
| 20:10 | Research | Crossbowman (upgrade) |
| 20:12 | Research | Bow Saw |
| 20:18 | Build | Farm |
| 20:33 | Build | Farm |
| 20:37 | Research | Bodkin Arrow |
| 20:37 | Research | Bodkin Arrow |
| 20:45 | Build | Farm |
| 20:46 | Queue | Villager (Male) |
| 20:53 | Queue | Archer |
| 20:54 | Queue | Archer |
| 20:57 | Queue | Villager (Male) |
| 20:57 | Queue | Villager (Male) |
| 20:57 | Queue | Villager (Male) |
| 21:13 | Queue | Villager (Male) |
| 21:23 | Build | Siege Workshop |
| 21:33 | Queue | Archer |
| 21:33 | Queue | Archer |
| 21:40 | Research | Padded Archer Armor |
| 21:52 | Queue | Villager (Male) |
| 21:54 | Queue | Archer |
| 22:09 | Queue | Archer |
| 22:22 | Queue | Mangonel |
| 22:22 | Queue | Mangonel |
| 22:27 | Queue | Villager (Male) |
Match timeline
| 4:44 | _LY_lyx · first_building Barracks |
| 7:39 | Tacacá · first_building Barracks |
| 7:42 | Tacacá · wall_segment Palisade Wall x1 |
| 8:26 | Tacacá · age_up feudal |
| 8:48 | Tacacá · first_building Stable |
| 9:10 | Tacacá · wall_segment Palisade Wall x1 |
| 9:12 | _LY_lyx · wall_segment Palisade Wall x1 |
| 9:12 | _LY_lyx · wall_segment Palisade Wall x1 |
| 9:13 | _LY_lyx · wall_segment Palisade Wall x1 |
| 9:15 | _LY_lyx · wall_segment Palisade Wall x1 |
| 9:16 | _LY_lyx · wall_segment Palisade Wall x1 |
| 9:16 | _LY_lyx · wall_segment Palisade Wall x1 |
| 9:17 | _LY_lyx · wall_segment Palisade Wall x1 |
| 9:42 | _LY_lyx · wall_segment Palisade Wall x1 |
| 10:17 | _LY_lyx · age_up feudal |
| 11:12 | _LY_lyx · first_building Archery Range |
| 11:30 | Tacacá · wall_segment Palisade Wall x6 |
| 11:52 | Tacacá · wall_segment Palisade Wall x8 |
| 13:12 | _LY_lyx · wall_segment Palisade Wall x1 |
| 13:14 | _LY_lyx · wall_segment Palisade Wall x1 |
| 13:31 | _LY_lyx · wall_segment Palisade Wall x1 |
| 14:23 | Tacacá · wall_segment Palisade Wall x1 |
| 16:13 | _LY_lyx · wall_segment Palisade Wall x5 |
| 16:17 | _LY_lyx · wall_segment Palisade Wall x6 |
| 17:12 | _LY_lyx · wall_segment Palisade Wall x1 |
| 17:54 | Tacacá · first_building Archery Range |
| 19:54 | _LY_lyx · first_building Stable |
| 20:09 | _LY_lyx · age_up castle |
| 20:21 | Tacacá · age_up castle |
| 21:23 | _LY_lyx · first_building Siege Workshop |
| 23:48 | Tacacá · first_building Monastery |
| 28:36 | _LY_lyx · resign |
[ AI ANALYSIS · 1 CREDIT ]
What really happened in this match?
Wolo.gg analyzes every decision: build order, eco, micro, common mistakes by bracket. Personalized analysis on WhatsApp or Discord in 30 seconds.
Civ guide
Jurchens
Perfil
Falcao (Tacacá)